 Dungeon Crawl Stone Soup version 0.30-a0-782-ge64f9170bb (webtiles) character file.

Game seed: 13670477791443854587

10 DSell the Trooper (level 2, 17/26 HPs)
             Began as a Ghoul Monk on Feb 8, 2023.
             Quit the game on level 1 of the Dungeon on Feb 22, 2023.
             The game lasted 00:05:33 (491 turns).

DSell the Trooper (Ghoul Monk)                       Turns: 491, Time: 00:05:33

Health: 17/26      AC:  2    Str: 14    XL:     2   Next: 20%
Magic:  1/1        EV: 12    Int:  5    God:
Gold:   7          SH:  0    Dex: 11    Spells: 1/1 levels left

rFire   . . .      SeeInvis .      - Unarmed
rCold   + . .      Faith    .    (no shield)
rNeg    + + +      Spirit   .    a - +0 robe
rPois   ∞          Reflect  .    (no helmet)
rElec   .          Harm     .    (no cloak)
rCorr   .          Rampage  .    (no gloves)
Will    .....                    (no boots)
Stlth   ++                       (no amulet)
HPRegen 0.24/turn                (no ring)
MPRegen 0.07/turn                (no ring)

@: no status effects
A: claws 1, cold resistance 1, negative energy resistance 3, inhibited
regeneration, torment resistance 2, devour on kill
a: no special abilities


You were on level 1 of the Dungeon.
You visited 1 branch of the dungeon, and saw 1 of its levels.

You collected 7 gold pieces.

Inventory:

Armour
 a - a +0 robe (worn)
 c - a +0 robe
 e - a +0 buckler
Jewellery
 g - an amulet of reflection
Scrolls
 d - a scroll of identify {unknown}
 f - a scroll of blinking {unknown}
Potions
 b - a potion of ambrosia


   Skills:
 + Level 3.5 Fighting
 + Level 2.8 Dodging
 + Level 2.3 Stealth
 + Level 3.5 Unarmed Combat


You had one spell level left.
You didn't know any spells.
Your spell library was empty.

Dungeon Overview and Level Annotations

Branches:
Dungeon (1/15)

Altars:


Innate Abilities, Weirdness & Mutations

You are immune to poison.
You have sharp fingernails.
Your flesh is cold resistant. (rC+)
You are immune to negative energy. (rN+++)
You do not regenerate when monsters are visible.
You are immune to unholy pain and torment.
You thrive by killing the living.


Message History

* * * LOW HITPOINT WARNING * * *
The ball python bites you.
* * * LOW HITPOINT WARNING * * *
The ball python constricts you.
* * * LOW HITPOINT WARNING * * *
The giant cockroach bites you but does no damage.
You scratch the giant cockroach. Your claw misses the giant cockroach.
The giant cockroach is moderately wounded.
The ball python barely misses you. The ball python constricts you.
The giant cockroach bites you but does no damage.
You closely miss the giant cockroach.
The giant cockroach is moderately wounded.
The ball python barely misses you. The ball python constricts you.
The giant cockroach misses you.
You scratch the giant cockroach.
You kill the giant cockroach!
The ball python bites you but does no damage.
The ball python constricts you.
You claw the ball python!
You kill the ball python!
You see here a ball python corpse.
Things that are here:
a +0 club; a goblin corpse Unknown command.
Welcome back, DSell the Ghoul Monk.
Press ? for a list of commands and other information.
Found a short sword.
g - an amulet of reflection
Things that are here:
5 stones; a +0 short sword; a kobold corpse
Okay, then.
Unknown command.
Things that are here:
5 stones; a +0 short sword; a kobold corpse Unknown command.
Welcome back, DSell the Ghoul Monk.
Press ? for a list of commands and other information.
Unknown command.
Unknown command.
Are you sure you want to abandon this character and quit the game? (Confirm with "yes".)

#.(....####... #......##...#
##. .......##...## #..
.#...#.......###.#
....>.†..........######
.##.........####.#≈≈~~# #
............####.#≈##~# .#
..###..####...##.#~~~~###. ..
#............@+~<#~#~~
#....#........#≈~#~#~#
#..#.#........#≈##~#~#####
.....#.#........#≈~~#~#~.'.#
#.....#..........##########.#
#.##..#.......#.............#
..#...#...†##....#..#########
..#..##.>..##.##.#..#
...........##.##.#..#


There were no monsters in sight!

Vanquished Creatures
  2 giant cockroaches (D:1)
  A goblin (D:1)
  A hobgoblin (D:1)
  2 ball pythons (D:1)
  A kobold (D:1)
  4 rats (D:1)
11 creatures vanquished.

Vanquished Creatures (others)
  2 fungi (D:1)
  A plant (D:1)
3 creatures vanquished.

Grand Total: 14 creatures vanquished

Notes
Turn   | Place    | Note
-------+----------+-------------------------------------------
     0 | D:1      | DSell the Ghoul Monk began the quest for the Orb.
     0 | D:1      | Reached XP level 1. HP: 19/19 MP: 0/0
   272 | D:1      | Found a faded altar of an unknown god.
   389 | D:1      | Reached XP level 2. HP: 26/26 MP: 1/1
   443 | D:1      | Upgraded the game from 0.30-a0-743-gbfdf073431 to
                  | 0.30-a0-782-ge64f9170bb
   491 | D:1      | Quit the game

Illustrated notes

Levels and vault maps discovered:
D:1:      ncdulo_wetmaze, layout_rooms, dreamdust_ecumenical_altar_grove,
          dreamdust_mushroom_princess, minmay_octomino_e4

Action                     || total
---------------------------++-------
  Melee: Unarmed           ||    49
   Stab: Sleeping          ||     1
 Armour: Robe              ||    13
  Dodge: Dodged            ||    27

Table legend: (Time is in decaauts)
 A = Elapsed time spent in this place.
 B = Non-inter-level travel time spent in this place.
 C = Inter-level travel time spent in this place.
 D = Time resting spent in this place.
 E = Time spent auto-exploring this place.
 F = Levels seen in this place.
 G = Mean time per level.
                   A        B        C        D        E       F      G
               +--------+--------+--------+--------+--------+-----+--------+
         Total |    494 |    407 |     87 |    200 |     20 |   1 |  494.0 |
       Dungeon |    494 |    407 |     87 |    200 |     20 |   1 |  494.0 |
               +--------+--------+--------+--------+--------+-----+--------+

Top non-repeatable levels by time:
     D:1: 494 daAuts
